 Dungeon Crawl Stone Soup version 0.17-a0-1711-gc5340a3 (webtiles) character file.

40 kae the Firebug (level 3, 0/19 HPs)
             Began as a Tengu Fire Elementalist on Aug 22, 2015.
             Slain by an adder (4 damage)
             ... on level 2 of the Dungeon.
             The game lasted 00:01:51 (1595 turns).

kae the Firebug (Tengu Fire Elementalist)           Turns: 1595, Time: 00:01:51

Health: 0/19       AC:  2    Str:  8    XL:     3   Next: 50%
Magic:  4/7        EV: 12    Int: 16    God:
Gold:   54         SH:  0    Dex: 14    Spells: 1 memorised, 5 levels left

rFire  . . .     SeeInvis .     n - +2 dagger (freeze)
rCold  . . .     Clarity  .     a - +0 robe
rNeg   . . .     SustAt   .     (no shield)
rPois  .         Gourm    .     (helmet restricted)
rElec  .         Spirit   .     (no cloak)
rCorr  .         Warding  .     (no gloves)
rMut   .         Stasis   .     (boots unavailable)
MR     .....                    (no amulet)
Stlth  ++........               (no ring)
                                (no ring)

@: very slightly contaminated, not resistant to hostile enchantments, unstealthy
A: beak, talons 3
a: no special abilities


You were on level 2 of the Dungeon.
You were near starving.

You visited 1 branch of the dungeon, and saw 2 of its levels.

You collected 54 gold pieces.

Inventory:

Hand weapons
 n - a +2 dagger of freezing (weapon)
Armour
 a - a +0 robe (worn)
 o - a storm dragon hide
Jewellery
 i - a +3 ring of dexterity {unknown}
Scrolls
 d - a scroll of remove curse {unknown}
 g - 2 scrolls of fog {unknown}
 j - 3 scrolls of fear {unknown}
 k - a scroll of teleportation {unknown}
 l - a scroll of enchant armour {unknown}
Potions
 e - 2 potions of magic {unknown}
Books
 b - a book of Flames

   Spells                             Type                      Level
   a - Flame Tongue                   Conjuration/Fire             1
   b - Throw Flame                    Conjuration/Fire             2
   c - Conjure Flame                  Conjuration/Fire             3
   d - Inner Flame                    Hexes/Fire                   3
   e - Sticky Flame                   Conjuration/Fire             4
   f - Fireball                       Conjuration/Fire             5
Comestibles
 c - a bread ration
 f - 3 fruits
 h - 2 meat rations
 m - a slice of pizza


   Skills:
 - Level 2.1 Dodging
 - Level 2.0 Stealth
 - Level 2.0 Spellcasting
 - Level 1.3 Conjurations
 + Level 4.9 Fire Magic


You had 5 spell levels left.
You knew the following spells:

 Your Spells              Type           Power        Failure   Level  Hunger
a - Flame Tongue          Conj/Fire      ##...        8%          1    #......


Dungeon Overview and Level Annotations

Branches:
Dungeon (2/15)

Altars:


Innate Abilities, Weirdness & Mutations

You have a beak for a mouth.
You have claws for feet.


Message History

The flame tongue hits the adder.
The adder is moderately wounded.
Casting: Flame Tongue
Confirm with . or Enter, or press ? or * to list all spells.
Aiming: Flame Tongue
Press: ? - help, Shift-Dir - straight line, f/p - adder
Aim: an adder (moderately wounded)
You miscast Flame Tongue.
You are very lightly contaminated with residual magic.
You feel uncomfortably hot. The adder bites you.
* * * LOW HITPOINT WARNING * * *
Casting: Flame Tongue
Confirm with . or Enter, or press ? or * to list all spells.
Aiming: Flame Tongue
Press: ? - help, Shift-Dir - straight line, f/p - adder
Aim: an adder (moderately wounded)
The flame tongue misses the adder.
The adder bites you.
* * * LOW HITPOINT WARNING * * *
The adder bites you.
You die...

#.......(.# #.
#.........# #.
#.........'
#.#########.........#
#...................#
#.................(.#
#.#..........##########
#............##........
##....@......##........
#....S......##........
....>.........''........
#####.........##........
#.........##........
...#..#+####........
###.#..# #........
#.#..# #####'#'# # #.#.#


You could see an adder.

Vanquished Creatures
  An adder (D:2)
  An ooze (D:1)
  5 bats (D:1)
  2 giant cockroaches (D:1)
  2 hobgoblins
  2 ball pythons (D:1)
  A giant newt (D:1)
  4 goblins
  5 kobolds
  8 rats
31 creatures vanquished.

Notes
Turn   | Place    | Note
--------------------------------------------------------------
     0 | D:1      | kae the Tengu Fire Elementalist began the quest for the Orb.
     0 | D:1      | Reached XP level 1. HP: 10/10 MP: 4/4
   145 | D:1      | Reached XP level 2. HP: 6/15 MP: 0/6
   341 | D:1      | Reached skill level 4 in Fire Magic
   899 | D:1      | Reached XP level 3. HP: 19/19 MP: 7/7
  1595 | D:2      | Slain by an adder

Vault maps used:
D:1:      dpeg_arrival_three_bigger_balls, kennysheep_doodads, st_stairs_6
D:2:      grunt_temple_overflow_order_and_chaos_2

Action                   || total
-------------------------++-------
Melee: Unarmed           ||    11
 Cast: Flame Tongue      ||    53
  Eat: Chunk             ||     1
